 Dungeon Crawl Stone Soup version 0.21.0-3-g78d12a8 (webtiles) character file.

1047 Sayani the Ruffian (level 8, -3/80 HPs)
             Began as a Troll Fighter on Jan 13, 2018.
             Slain by Vojta's ghost (8 damage)
             ... on level 5 of the Dungeon.
             The game lasted 00:12:52 (3409 turns).

Sayani the Ruffian (Troll Fighter)                  Turns: 3409, Time: 00:12:53

Health: -3/80      AC:  5    Str: 27    XL:     8   Next: 5%
Magic:  7/7        EV:  8    Int:  4    God:
Gold:   233        SH:  9    Dex:  9    Spells: 7/7 levels left

rFire    . . .     SeeInvis .     - Unarmed
rCold    . . .     Gourm    +   b - +0 shield
rNeg     . . .     Faith    .   a - +0 robe
rPois    .         Spirit   .   (helmet restricted)
rElec    .         Reflect  .   (no cloak)
rCorr    .         Harm     .   (gloves unavailable)
MR       .....                  (boots unavailable)
Stlth    +.........             (no amulet)
HPRegen  0.63/turn              (no ring)
MPRegen  0.10/turn              (no ring)

@: no status effects
A: large, unfitting armour, claws 3, fast metabolism 3, gourmand, regeneration
1, shaggy fur 1, tough skin 2
a: no special abilities


You were on level 5 of the Dungeon.
You were not hungry.

You visited 1 branch of the dungeon, and saw 5 of its levels.

You collected 233 gold pieces.

Inventory:

Missiles
 j - 13 tomahawks (quivered)
 l - 30 poisoned needles
Armour
 a - a +0 robe (worn)
 b - a +0 shield (worn)
Wands
 r - a wand of disintegration (16)
 x - a wand of iceblast (7)
Scrolls
 e - 2 scrolls of blinking {unknown}
 f - a scroll of magic mapping {unknown}
 g - a scroll of noise {unknown}
 h - a scroll of fear {unknown}
 i - 2 scrolls of random uselessness {unknown}
 k - 5 scrolls of identify {unknown}
 n - a scroll of remove curse {unknown}
 p - 2 scrolls of teleportation {unknown}
Potions
 c - a potion of might
 m - a potion of degeneration {unknown}
 o - a potion of heal wounds {unknown}
 q - a potion of magic {unknown}
 s - a potion of mutation {unknown}
 u - a potion of ambrosia {unknown}
 v - a potion of resistance {unknown}
 w - a potion of lignification {unknown}
Books
 t - a book of Minor Magic

   Spells                             Type                      Level
   a - Magic Dart                     Conjuration                  1
   b - Blink                          Translocation                2
   c - Call Imp                       Summoning                    2
   d - Slow                           Hexes                        2
   e - Conjure Flame                  Conjuration/Fire             3
   f - Mephitic Cloud                 Conjuration/Poison/Air       3
Comestibles
 d - 6 rations


   Skills:
 + Level 5.1 Fighting
 - Level 2.4 Dodging
 - Level 2.4 Shields
 * Level 7.9 Unarmed Combat


You had 7 spell levels left.
You didn't know any spells.

Dungeon Overview and Level Annotations

Branches:
Dungeon (5/15)
 Temple: D:4-7

Altars:
Gozag
Nemelex Xobeh

Shops:
D:4 %

Annotations:
D:5 Vojta's ghost, novice TrTm


Innate Abilities, Weirdness & Mutations

You are too large for most types of armour.
You have claws for hands.
Your metabolism is lightning-fast.
You like to eat raw meat.
Your natural rate of healing is unusually fast.
You are covered in fur. (AC +1)
You have very tough skin. (AC +2)


Message History

Vojta's ghost barely misses you.
You barely miss Vojta's ghost.
Vojta's ghost is severely damaged.
Vojta's ghost whispers, "Death doesn't hurt.
What you feel is life." Vojta's ghost hits you!!
You miss Vojta's ghost.
Vojta's ghost is severely damaged.
Vojta's ghost hits you!
You miss Vojta's ghost.
Vojta's ghost is severely damaged.
Your shield prevents you from hitting Vojta's ghost.
Vojta's ghost is severely damaged.
Vojta's ghost hits you!!
* * * LOW HITPOINT WARNING * * *
You scratch Vojta's ghost.
Vojta's ghost is almost destroyed.
Vojta's ghost hits you!
* * * LOW HITPOINT WARNING * * *
Vojta's ghost hits you!
You die...

### #.. .....# #.#.# #######
#.##.# #.#.# ......# #.##.#
#.#.# .####.# #.##.# ####.#.# #
.####.# #.##.# #......###.###
....#.# #.##.#.#.##.#.......#
.##.#.###.##.#.#.##.#.###.#....
....#........#.#@W..(..(....# #
......######.#.#..#.#.....#...
#.#..........#.#..#.#####.#


gW. #.#...##...#.#.#...(......# .. #............#.#.##.####### g
#.##...#.#.....#....# .. ....#.###.###..#.# # #.# # #......#.# #.###....# You
could see Vojta's ghost.

Vanquished Creatures
  Sigmund (D:2)
  2 ice beasts
  An orc warrior (D:4)
  2 ogres (D:4)
  A scorpion (D:4)
  A hound (D:4)
  2 orc priests
  3 orc wizards
  The ghost of Vojta the Grave Robber, a weakling DDNe (D:3)
  10 adders
  A shadow imp (D:5)
  An ooze (D:4)
  An adder skeleton (D:4)
  An adder zombie (D:5)
  2 worms
  4 leopard geckos
  10 orcs
  3 giant cockroaches
  5 goblins
  13 hobgoblins
  14 jackals
  A quokka (D:4)
  A ball python (D:3)
  6 bats
  3 frilled lizards
  7 kobolds
  11 rats
108 creatures vanquished.

Notes
Turn   | Place    | Note
-------+----------+-------------------------------------------
     0 | D:1      | Sayani the Troll Fighter began the quest for the Orb.
     0 | D:1      | Reached XP level 1. HP: 22/22 MP: 0/0
   199 | D:1      | Reached XP level 2. HP: 29/29 MP: 1/1
   476 | D:1      | Reached skill level 3 in Unarmed Combat
   707 | D:2      | Reached XP level 3. HP: 36/36 MP: 2/2
   783 | D:2      | Found a sparkling altar of Nemelex Xobeh.
   819 | D:2      | Noticed Sigmund
  1093 | D:2      | Noticed an ice beast
  1106 | D:2      | Killed an ice beast
  1106 | D:2      | Reached skill level 4 in Unarmed Combat
  1106 | D:2      | Reached XP level 4. HP: 21/45 MP: 3/3
  1106 | D:2      | Reached XP level 5. HP: 25/53 MP: 4/4
  1235 | D:3      | Noticed Vojta's ghost (weakling DDNe)
  1247 | D:3      | Killed Vojta's ghost
  1333 | D:3      | Reached skill level 5 in Unarmed Combat
  1353 | D:3      | Found an opulent altar of Gozag.
  1506 | D:3      | Noticed an ice beast
  1512 | D:3      | Killed an ice beast
  1512 | D:3      | Reached XP level 6. HP: 53/62 MP: 5/5
  1900 | D:4      | Reached skill level 6 in Unarmed Combat
  1931 | D:4      | Found Ceqija Vimi's Food Boutique.
  2067 | D:5      | Entered Level 5 of the Dungeon
  2080 | D:4      | Reached XP level 7. HP: 70/70 MP: 6/6
  2563 | D:2      | Killed Sigmund
  2601 | D:2      | Reached skill level 7 in Unarmed Combat
  3251 | D:5      | Reached skill level 5 in Fighting
  3263 | D:5      | Reached XP level 8. HP: 65/80 MP: 7/7
  3385 | D:5      | Noticed Vojta's ghost (novice TrTm)
  3409 | D:5      | Slain by Vojta's ghost

Skill      XL: |  1  2  3  4  5  6  7 |
---------------+----------------------+-----
Unarmed Combat | 3 4 5 6 7 |  7.9
Fighting       | 3 4 5 |  5.1
Dodging        | |  2.4
Shields        | |  2.4

Action                   |  1- 3 |  4- 6 |  7- 9 || total
-------------------------+-------+-------+-------++-------
Melee: Unarmed           |    91 |   128 |   129 ||   348
Throw: Tomahawk          |     2 |    22 |     6 ||    30
  Eat: Chunk             |    13 |    10 |     8 ||    31
Armor: Robe              |    15 |    50 |    33 ||    98
Dodge: Dodged            |    23 |    67 |    37 ||   127
Block: Shield            |    25 |    64 |    49 ||   138
